 Dungeon Crawl Stone Soup version 0.24-a0-189-g5d897e9 (webtiles) character file.

Game seed: 10580191381460538797

215 Lanoc the Sneak (level 5, 0/36 HPs)
             Began as an Octopode Assassin on Mar 16, 2019.
             Was a Plaything of Xom.
             Succumbed to Robin's poison
             ... on level 3 of the Dungeon.
             The game lasted 00:04:51 (1629 turns).

Lanoc the Sneak (Octopode Assassin)                 Turns: 1629, Time: 00:04:51

Health: 0/36       AC:  1    Str: 11    XL:     5   Next: 92%
Magic:  5/5        EV: 13    Int: 13    God:    Xom [..*...]
Gold:   86         SH:  0    Dex: 14    Spells: 4/4 levels left

rFire    . . .     SeeInvis .   a - +2 dagger
rCold    . . .     Gourm    .   (no shield)
rNeg     . . .     Faith    .   (helmet restricted)
rPois    .         Spirit   .   g - amulet of inaccuracy (curse)
rElec    .         Reflect  .   (no ring)
rCorr    .         Harm     .   (no ring)
MR       .....                  (no ring)
Stlth    ++++......             (no ring)
HPRegen  0.12/turn              (no ring)
MPRegen  0.09/turn              (no ring)
                                (no ring)
                                (no ring)

@: lethally poisoned (0 -> -4), very slightly contaminated, hasted, very quick
A: almost no armour, stealthy swim, amphibious, 8 rings, constrict 8, camouflage
1, gelatinous body 1
a: Renounce Religion


You were on level 3 of the Dungeon.
You worshipped Xom.
You were a toy of Xom.
You were not hungry.

You visited 1 branch of the dungeon, and saw 3 of its levels.

You collected 86 gold pieces.

Inventory:

Hand Weapons
 a - a +2 dagger (weapon)
 b - a +0 blowgun
 m - a +0 falchion of slicing
Missiles
 c - 19 poisoned needles
 d - 2 curare-tipped needles
Jewellery
 g - a cursed amulet of inaccuracy (around mantle)
Scrolls
 i - 2 scrolls of identify
 j - a scroll of magic mapping
 k - a scroll of blinking
Comestibles
 f - 3 rations


   Skills:
 + Level 2.8 Fighting
 * Level 3.6 Short Blades
 + Level 2.7 Throwing
 + Level 2.1 Dodging
 * Level 6.9 Stealth


You had 4 spell levels left.
You didn't know any spells.
Your spell library was empty.

Dungeon Overview and Level Annotations

Branches:
Dungeon (3/15)

Altars:
Cheibriados
Kikubaaqudgha
Xom


Innate Abilities, Weirdness & Mutations

You cannot wear most types of armour.
You are very stealthy in the water. (Stealth+)
You are amphibious.
You can wear up to eight rings at the same time.
You can use your tentacles to constrict eight enemies at once.
Your skin changes colour to match your surroundings (Stealth+).
Your rubbery body absorbs attacks. (AC +1, EV +1)


Message History

It is a scroll of identify.
k - a scroll of blinking
As you read the scroll of identify, it crumbles to dust.
j - a scroll of magic mapping
There is a lethal amount of poison in your body!
* * * LOW HITPOINT WARNING * * *
You feel sick.
Unknown command.
You flicker for a moment.
* * * LOW HITPOINT WARNING * * *
You feel sick.
You feel less wooden.
* * * LOW HITPOINT WARNING * * *
You feel sick.
There is an open door, spattered with blood here.
Items here: )) ††† a +2 dagger of electrocution; a +0 dagger; a goblin corpse x3
You flicker back into view.
You die...
Xom roars with laughter!

# ### ######## #. ..#
#......#
..#.######.###......########
............+......+.......
...#g#......###...)).#######.
..>....)......'....(.'.......
....g#.#.#..###....).######..
... #.#(#..###......######..
. #.#.#..@.)).....+.......
gg#.#.####.)....######..
###.#.# #<...........#.#
..#.# #.........#..#.. .....
#............... ....
#.........###.## ####
#########.[..... #####.#.
###.#.


There were no monsters in sight!

Vanquished Creatures
  2 orc priests (D:3)
  Jessica (D:3)
  Robin (D:3)
  4 adders
  2 worms (D:3)
  3 dart slugs
  8 orcs (D:3)
  2 ball pythons
  2 bats
  2 giant cockroaches
  14 goblins
  4 hobgoblins
  4 jackals (D:2)
  6 kobolds
  2 quokkas
  7 rats
64 creatures vanquished.

Notes
Turn   | Place    | Note
-------+----------+-------------------------------------------
     0 | D:1      | Lanoc the Octopode Assassin began the quest for the Orb.
     0 | D:1      | Reached XP level 1. HP: 14/14 MP: 1/1
    72 | D:1      | Reached XP level 2. HP: 19/19 MP: 2/2
   237 | D:2      | Found a faded altar of an unknown god.
   254 | D:2      | Became a worshipper of Xom the Fickle
   293 | D:2      | Reached XP level 3. HP: 21/24 MP: 3/3
   358 | D:2      | Found a snail-covered altar of Cheibriados.
   711 | D:3      | Reached skill level 6 in Stealth
   711 | D:3      | Reached XP level 4. HP: 30/30 MP: 4/4
   828 | D:3      | XOM is BORED!
   828 | D:3      | XOM: medium Ice miscast
  1119 | D:3      | Reached XP level 5. HP: 28/35 MP: 5/5
  1186 | D:3      | Noticed Jessica
  1194 | D:3      | Killed Jessica
  1341 | D:3      | Found an ancient bone altar of Kikubaaqudgha.
  1515 | D:3      | Noticed Robin
  1595 | D:3      | Killed Robin
  1626 | D:3      | HP: 1/36 [poisoned by Robin]
  1629 | D:3      | Succumbed to Robin's poison

Levels and vault maps discovered:
D:1:      dpeg_arrival_prison, layout_basic
D:2:      layout_basic, nicolae_dithmenos_through_a_glass_darkly,
          kennysheep_slug_shrine, first_ration,
          chequers_ecumenical_altar_simple_redux
D:3:      layout_basic, lemuel_doored_altar, uniq_robin, uniq_jessica

Skill      XL: |  1  2  3  4  5 |
---------------+----------------+-----
Stealth        | 6 |  6.9
Short Blades   | 3 |  3.6
Dodging        | 2 |  2.1
Fighting       | |  2.8
Throwing       | |  2.7

Action                   |  1- 3 |  4- 6 || total
-------------------------+-------+-------++-------
Melee: Dagger            |    51 |   104 ||   155
       Constrict         |     8 |    18 ||    26
       Tentacles         |     6 |    14 ||    20
  Use: Potion            |       |     4 ||     4
       Scroll            |       |     2 ||     2
 Stab: Sleeping          |    13 |     9 ||    22
       Distracted        |     1 |       ||     1
       Invisible         |       |     4 ||     4
  Eat: Chunk             |       |     2 ||     2
Armor: Skin              |     2 |    16 ||    18
Dodge: Dodged            |    20 |    48 ||    68

Table legend:
 A = Non-vault XP
 B = Vault XP
 C = Vault XP percentage of total XP
 D = Non-vault monster count
 E = Vault monster count
 F = Vault count percentage of total count
                 A         B        C        D         E       F
            +---------+---------+-------+---------+---------+-------
      Total |     228 |      80 |  26.0 |      49 |      15 |  23.4
            +---------+---------+-------+---------+---------+-------
        D:1 |      17 |       3 |  15.0 |       8 |       2 |  20.0
        D:2 |      50 |       6 |  10.7 |      15 |       2 |  11.8
        D:3 |     161 |      71 |  30.6 |      26 |      11 |  29.7
            +---------+---------+-------+---------+---------+-------
